 Dungeon Crawl Stone Soup version 0.21-a0-404-g291f19a (webtiles) character file.

239 tof the Slasher (level 5, -5/47 HPs)
             Began as a Minotaur Monk on Oct 29, 2017.
             Killed by divine providence
             ... invoked by an orc priest
              (11 damage)
             ... on level 4 of the Dungeon.
             The game lasted 00:03:15 (2694 turns).

tof the Slasher (Minotaur Monk)                     Turns: 2694, Time: 00:03:15

Health: -5/47      AC:  5    Str: 16    XL:     5   Next: 79%
Magic:  13/13      EV: 12    Int:  7    God:
Gold:   144        SH:  0    Dex: 13    Spells: 4/4 levels left

rFire    . . .     SeeInvis .   a - +0 falchion
rCold    + . .     Gourm    .   (no shield)
rNeg     . . .     Faith    .   w - +0 ring mail {rC+}
rPois    .         Spirit   .   (helmet restricted)
rElec    .         Reflect  .   (no cloak)
rCorr    .         Harm     .   (no gloves)
MR       +....                  (no boots)
Stlth    +.........             (no amulet)
HPRegen  0.15/turn              i - ring of protection from magic
MPRegen  0.13/turn              m - ring of magical power

@: no status effects
A: retaliatory headbutt, horns 2
a: no special abilities


You were on level 4 of the Dungeon.
You were hungry.

You visited 1 branch of the dungeon, and saw 4 of its levels.

You collected 144 gold pieces.

Inventory:

Hand Weapons
 a - a +0 falchion (weapon)
Armour
 w - a +0 ring mail of cold resistance (worn)
Jewellery
 i - a ring of protection from magic (left hand)
 m - a ring of magical power (right hand)
 A - an uncursed ring of protection from fire {unknown}
Wands
 k - a wand of lightning (3/15)
 l - a wand of enslavement (13/24)
Scrolls
 d - a scroll of enchant armour {unknown}
 e - 3 scrolls of teleportation {unknown}
 f - a scroll of noise {unknown}
 g - 3 scrolls of remove curse {unknown}
 j - 2 scrolls of identify {unknown}
 o - a scroll of random uselessness {unknown}
 s - a scroll of amnesia {unknown}
 v - a scroll of enchant weapon {unknown}
 y - a scroll of fog {unknown}
Potions
 b - a potion of invisibility {unknown}
 h - a potion of resistance {unknown}
 n - 2 potions of flight {unknown}
 p - 2 potions of haste {unknown}
 r - 2 potions of curing {unknown}
 u - a potion of heal wounds {unknown}
 z - a potion of magic {unknown}
Books
 x - a book of Necromancy

   Spells                             Type                      Level
   a - Pain                           Necromancy                   1
   b - Animate Skeleton               Necromancy                   1
   c - Vampiric Draining              Necromancy                   3
   d - Regeneration                   Charms/Necromancy            3
   e - Animate Dead                   Necromancy                   4
   f - Control Undead                 Necromancy                   4
Comestibles
 c - 4 bread rations
 q - a meat ration
 t - 8 fruits


   Skills:
 + Level 4.7 Fighting
 * Level 5.7 Long Blades
 + Level 2.6 Armour
 + Level 4.3 Dodging
 - Level 1.6 Stealth


You had 4 spell levels left.
You didn't know any spells.

Dungeon Overview and Level Annotations

Branches:
Dungeon (4/15)
 Temple: D:4-7

Altars:
Fedhas
Zin
The Shining One


Innate Abilities, Weirdness & Mutations

You reflexively headbutt those who attack you in melee.
You have a pair of horns on your head.


Message History

You hit the orc priest.
The orc priest is moderately wounded.
The orc priest hits you with a flail!
You hit the orc priest. Your headbutt misses the orc priest.
The orc priest is heavily wounded.
The orc priest invokes the aid of Beogh against you.
Beogh smites you!
* * * LOW HITPOINT WARNING * * *
You hit the orc priest.
The orc priest is almost dead.
The orc priest completely misses you.
You hit the orc priest but do no damage.
Your headbutt misses the orc priest.
The orc priest is almost dead.
You hit the orc priest but do no damage.
Your headbutt misses the orc priest.
The orc priest is almost dead.
The orc priest calls down the wrath of Beogh upon you.
Beogh smites you!
You die...

###.##.# #†# #.# #.#
#.... .......# #.# #.#
#.# #.### .##.#### #.#
#.# #.# #.### .##.#
#.#####.######.#####..##
.##.#
#..(....................
###.#
#######.################
# #.# #.# # # #.# #.# #
#.# #@# # #.# #o# # #.#
# #.# # ..# # ### # # #
#


You could see an orc priest.

Vanquished Creatures
  A hound (D:4)
  A jelly (D:3)
  2 worker ants
  Robin (D:3)
  An adder (D:4)
  An ooze (D:4)
  A worm (D:2)
  A dart slug (D:1)
  6 leopard geckos
  3 orcs (D:4)
  A ball python (D:2)
  5 giant cockroaches
  15 goblins
  12 hobgoblins
  7 jackals
  4 kobolds
  4 quokkas
  3 bats
  9 frilled lizards
  A leopard gecko skeleton (D:4)
  10 rats
89 creatures vanquished.

Notes
Turn   | Place    | Note
-------+----------+-------------------------------------------
     0 | D:1      | tof the Minotaur Monk began the quest for the Orb.
     0 | D:1      | Reached XP level 1. HP: 19/19 MP: 0/0
    95 | D:1      | Reached XP level 2. HP: 17/27 MP: 1/1
   236 | D:1      | Reached skill level 4 in Long Blades
   287 | D:1      | Reached skill level 1 in Armour
   535 | D:1      | Reached XP level 3. HP: 33/33 MP: 2/2
   909 | D:2      | Reached XP level 4. HP: 40/40 MP: 3/3
  1231 | D:3      | Noticed Robin
  1249 | D:3      | Killed Robin
  1249 | D:3      | Reached skill level 5 in Long Blades
  1495 | D:3      | Reached XP level 5. HP: 6/47 MP: 4/4
  1903 | D:3      | Found a blossoming altar of Fedhas.
  2069 | D:4      | Found a glowing silver altar of Zin.
  2270 | D:4      | Found a glowing golden altar of the Shining One.
  2694 | D:4      | Killed from afar by an orc priest

Vault maps used:
D:1:      dpeg_arrival_tiny_g
D:3:      fedhas_altar_fruit_tree, uniq_robin
D:4:      kennysheep_mini_moat, lemuel_crystal_altar, old_standard_altar,
          first_bread

Skill      XL: |  1  2  3  4 |
---------------+-------------+-----
Long Blades    | 4 5 |  5.7
Armour         | 1 2 |  2.6
Fighting       | 4 |  4.7
Dodging        | 4 |  4.3
Stealth        | |  1.6

Action                   |  1- 3 |  4- 6 || total
-------------------------+-------+-------++-------
Melee: Falchion          |    73 |   107 ||   180
       Headbutt          |     7 |    24 ||    31
 Stab: Sleeping          |     1 |     1 ||     2
  Eat: Chunk             |       |     5 ||     5
Armor: Ring mail         |    29 |    42 ||    71
       Robe              |     1 |       ||     1
Dodge: Dodged            |    68 |    77 ||   145
       Rpst.: Falchion   |    14 |    16 ||    30

Table legend:
 A = Spawn XP
 B = Non-spawn XP
 C = Spawn XP percentage of total XP
 D = Spawn monster count
 E = Non-spawn monster count
 F = Spawn count percentage of total count
 G = Total turns spent on level
                    A         B        C        D         E        F      G
               +---------+---------+-------+---------+---------+-------+---------
         Total |       0 |     342 |   0.0 |       0 |      89 |   0.0 |  2694
               +---------+---------+-------+---------+---------+-------+---------
           D:1 |       0 |      42 |   0.0 |       0 |      27 |   0.0 |   642
           D:2 |       0 |      76 |   0.0 |       0 |      23 |   0.0 |   531
           D:3 |       0 |     123 |   0.0 |       0 |      20 |   0.0 |   892
           D:4 |       0 |     101 |   0.0 |       0 |      19 |   0.0 |   629
               +---------+---------+-------+---------+---------+-------+---------
